Map: [ESL] Oceanborn

Players

Nice

  • Race: Protoss Protoss
  • Spawn Location: 11:00

Oliveira - Winner!

  • Race: Terran Terran
  • Spawn Location: 5:00

Event: ESL SC2 Masters 2024 Spring (Regional)

VOD

Have the link to the VOD?

Description

Time

  • Played on: April 27, 2024, 7:34 a.m.
  • Length: 11:07

All games in this series

Show
View Real Time Build Order
Export as new Build Order

Nice Protoss 

Build Orders: 1 Gate Expand 

Get SALT Encoding   

  12  0:00  Probe  
  13  0:12  Probe  
  14  0:18  Pylon  
  14  0:24  Probe (Chrono Boost)  
  15  0:36  Probe (Chrono Boost)  
  15  0:40  Gateway  
  16  0:44  Probe  
  17  0:51  Assimilator  
  17  0:56  Probe  
  18  1:08  Probe  
  19  1:20  Probe  
  20  1:27  Cybernetics Core  
  20  1:35  Nexus  
  20  1:42  Pylon  
  20  1:48  Assimilator  
  20  1:49  Probe (Chrono Boost)  
  21  2:01  Probe (Chrono Boost)  
  21  2:03  Adept (Chrono Boost)  
  21  2:05  Warp Gate  
  24  2:10  Probe (Chrono Boost)  
  25  2:15  Probe  
  26  2:24  Sentry  
  26  2:28  Probe  
  29  2:40  Probe  
  30  2:50  Twilight Council  
  30  2:51  Probe (Chrono Boost)  
  31  2:56  Probe (Chrono Boost)  
  32  3:02  Probe (Chrono Boost)  
  34  3:06  Probe (Chrono Boost)  
  34  3:07  Probe (Chrono Boost)  
  35  3:13  Stalker  
  35  3:16  Probe  
  35  3:17  Probe  
  39  3:21  Pylon  
  39  3:28  Probe  
  39  3:29  Probe, Gateway  
  39  3:31  Gateway  
  41  3:39  Robotics Facility  
  41  3:40  Probe  
  42  3:41  Probe  
  42  3:45  Resonating Glaives (Chrono Boost)  
  43  3:52  Probe  
  43  3:53  Probe  
  45  4:02  Stalker  
  47  4:04  Pylon  
  47  4:10  Gateway  
  47  4:11  Gateway  
  47  4:14  Gateway  
  47  4:18  Nexus  
  47  4:26  Adept  
  47  4:30  Observer (Chrono Boost)  
  49  4:32  Gateway x2  
  50  4:44  Warp Prism (Chrono Boost), Adept  
  54  4:47  Adept  
  56  4:54  Pylon  
  56  4:56  Dark Shrine  
  56  4:58  Adept  
  58  5:08  Adept x2  
  58  5:11  Pylon  
  58  5:12  Pylon  
  62  5:28  Adept x3  
  62  5:29  Adept x2  
  62  5:30  Adept  
  62  5:34  Adept  
  75  5:35  Adept  
  77  6:00  Warp Prism (Chrono Boost)  
  77  6:02  Probe  
  77  6:03  Probe x2  
  62  6:09  Adept x5  
  62  6:10  Adept  
  64  6:12  Adept  
  64  6:15  Probe, Adept  
  64  6:18  Probe x2  
  71  6:27  Probe  
  71  6:29  Assimilator  
  71  6:30  Probe x2 (Chrono Boost)  
  71  6:32  Dark Templar  
  76  6:39  Probe (Chrono Boost)  
  77  6:41  Forge  
  77  6:42  Probe (Chrono Boost)  
  79  6:48  Probe (Chrono Boost)  
  79  6:49  Probe (Chrono Boost)  
  79  6:52  Adept  
  79  6:53  Adept x4  
  90  6:55  Probe (Chrono Boost)  
  90  6:59  Adept x2  
  95  7:07  Protoss Ground Weapons Level 1 (Chrono Boost)  
  95  7:08  Pylon  
  95  7:10  Pylon  
  96  7:22  Probe  
  96  7:23  Charge (Chrono Boost), Probe x2  
  96  7:27  Zealot x5  
  108  7:32  Assimilator  
  108  7:34  Assimilator  
  108  7:35  Assimilator, Probe x2  
  108  7:36  Pylon  
  110  7:37  Probe  
  111  7:47  Probe x2  
  111  7:49  Templar Archives, Probe  
  114  7:52  Zealot  
  116  8:05  Zealot x4  
  124  8:06  Pylon  
  124  8:10  Pylon  
  124  8:14  Psionic Storm  
  121  8:33  Probe x2  
  115  8:36  High Templar x2  
  115  8:37  Zealot x5, High Templar  
  131  8:42  Probe  
  131  8:45  Probe  
  131  8:46  Pylon  
  133  8:49  Pylon  
  133  8:50  Pylon  
  133  8:52  Archon  
  121  9:00  Stalker x3  
  121  9:01  Stalker  
  121  9:02  Zealot  
  127  9:09  High Templar  
  129  9:17  High Templar  
  131  9:25  Observer (Chrono Boost)  
  131  9:26  Probe x3  
  135  9:32  Zealot x2  
  135  9:35  Archon  
  136  9:40  Nexus  
  136  9:42  Pylon  
  136  9:44  Immortal (Chrono Boost)  
  134  10:04  Robotics Bay  
  134  10:06  Zealot x2, Robotics Facility, Dark Templar  
  140  10:10  Nexus  
  140  10:14  Archon  
  140  10:16  Observer, Probe x3  
  140  10:18  Pylon  
  140  10:21  Immortal (Chrono Boost)  
  143  10:25  Sentry  
  149  10:36  Probe x3  
  152  10:43  Zealot x2  
  152  10:47  Pylon, Shield Battery  
  152  10:49  Probe  
  157  10:50  Shield Battery  
  157  10:52  Probe  
  157  10:55  Probe  
  144  10:57  Zealot x2  
Show
View Real Time Build Order
Export as new Build Order

Oliveira Terran - Winner!

Build Orders:  

Get SALT Encoding   

  12  0:00  SCV  
  13  0:12  SCV  
  14  0:17  Supply Depot  
  14  0:24  SCV  
  15  0:39  SCV  
  15  0:42  Barracks  
  16  0:45  Refinery  
  16  0:51  SCV  
  17  1:03  SCV  
  18  1:16  SCV  
  19  1:30  Orbital Command, Marine  
  20  1:42  Command Center  
  20  1:48  Reaper  
  21  1:54  Supply Depot  
  21  1:56  SCV  
  23  2:08  SCV  
  23  2:23  Barracks Reactor, Command Center  
  23  2:26  SCV  
  24  2:33  Barracks  
  24  2:38  SCV  
  25  2:46  Barracks  
  25  2:50  SCV  
  26  2:54  Orbital Command  
  26  2:59  Marine  
  26  3:00  Marine  
  26  3:02  SCV  
  29  3:14  SCV, Refinery, Orbital Command  
  29  3:17  Marine x2  
  32  3:21  Barracks Tech Lab  
  32  3:26  SCV  
  33  3:33  Bunker  
  33  3:36  Barracks Tech Lab, Orbital Command  
  33  3:38  SCV  
  33  3:41  SCV  
  35  3:42  Marine x2  
  36  3:50  SCV  
  36  3:51  Stimpack  
  36  3:53  SCV  
  36  3:54  Marine  
  39  3:57  Combat Shield  
  39  4:01  Marine  
  39  4:02  Marine  
  41  4:03  SCV, Marine  
  41  4:05  SCV  
  41  4:06  SCV  
  45  4:14  Marauder  
  45  4:15  SCV  
  45  4:16  Supply Depot  
  48  4:17  SCV  
  48  4:19  SCV  
  48  4:20  Marine  
  48  4:22  Marine  
  52  4:27  SCV  
  52  4:28  Engineering Bay, Marauder  
  52  4:30  SCV  
  56  4:33  SCV  
  56  4:36  Factory  
  56  4:39  Marauder  
  56  4:40  SCV  
  56  4:41  Marine  
  56  4:44  Supply Depot, Marine  
  61  4:47  SCV  
  61  4:49  SCV  
  61  4:51  Marauder  
  65  4:56  SCV, Terran Infantry Weapons Level 1, Refinery  
  65  4:59  Marine  
  67  5:00  SCV  
  67  5:02  Marine  
  67  5:06  Supply Depot  
  69  5:08  Barracks  
  69  5:11  SCV, Barracks  
  69  5:12  Marine  
  71  5:15  Marauder  
  71  5:18  SCV  
  71  5:21  Starport  
  74  5:22  Factory Reactor  
  74  5:24  Marine x2  
  74  5:26  SCV  
  77  5:32  Refinery  
  77  5:33  SCV  
  77  5:34  Supply Depot  
  80  5:35  Marauder  
  80  5:37  Concussive Shells  
  80  5:39  SCV  
  80  5:41  Supply Depot  
  81  5:44  Marauder  
  81  5:45  SCV  
  81  5:46  Marine  
  81  5:49  Marine  
  84  5:56  Marine  
  85  6:00  Marine x2  
  85  6:04  Marine  
  71  6:09  SCV  
  71  6:10  SCV  
  73  6:14  Medivac x2  
  73  6:15  SCV  
  73  6:18  Factory Reactor  
  76  6:21  SCV  
  76  6:22  Marine  
  76  6:23  SCV  
  79  6:26  Barracks Tech Lab  
  79  6:27  SCV  
  79  6:28  Barracks Tech Lab  
  80  6:33  SCV  
  80  6:34  Marine x2  
  80  6:35  SCV  
  80  6:36  Marine  
  80  6:39  SCV  
  86  6:40  Marine  
  86  6:42  Supply Depot  
  86  6:45  SCV  
  88  6:49  Supply Depot  
  88  6:51  Marauder  
  88  6:52  Marine, Marauder  
  88  6:53  Supply Depot  
  93  6:56  Widow Mine x2  
  93  6:58  Medivac  
  93  7:00  Terran Infantry Armor Level 1  
  99  7:01  Marine  
  99  7:06  Marauder  
  99  7:08  SCV x3  
  104  7:13  Missile Turret, Marauder  
  104  7:14  Marine  
  108  7:20  SCV  
  108  7:22  Missile Turret  
  107  7:24  SCV, Missile Turret  
  107  7:26  Marine  
  107  7:27  Marauder  
  107  7:28  SCV  
  112  7:32  Orbital Command  
  112  7:34  SCV  
  112  7:36  SCV  
  114  7:41  Ghost Academy, Marine x3  
  117  7:46  SCV, Marine  
  117  7:48  SCV  
  120  7:54  Medivac  
  120  7:55  Medivac  
  120  7:56  Supply Depot  
  120  7:58  SCV  
  125  8:10  SCV x2, Supply Depot, Marine x2  
  127  8:12  Ghost  
  128  8:20  Ghost  
  128  8:22  Ghost  
  128  8:23  Marine  
  133  8:34  SCV x2  
  135  8:35  Marine x3  
  135  8:38  Bunker  
  135  8:40  SCV, Supply Depot  
  139  8:44  Liberator  
  139  8:46  Ghost  
  144  8:54  SCV  
  142  8:56  Marine  
  142  9:00  SCV x2  
  142  9:04  Command Center  
  142  9:06  SCV, Marine x2  
  142  9:09  Medivac  
  143  9:12  SCV  
  143  9:14  Supply Depot  
  143  9:15  Supply Depot  
  144  9:19  Ghost  
  144  9:20  Marine  
  147  9:24  Ghost  
  147  9:25  Marine  
  147  9:26  Marauder  
  147  9:29  Refinery x2  
  142  9:42  Marine  
  142  9:45  Marine  
  141  9:46  Ghost  
  141  9:47  SCV  
  141  9:50  Armory, Engineering Bay  
  145  9:53  Medivac x2  
  145  9:55  Marauder x2, Marine x2  
  155  10:02  SCV, Starport  
  155  10:03  SCV x2  
  158  10:07  Marine  
  158  10:08  Marine  
  158  10:10  Sensor Tower  
  160  10:14  SCV, Factory Reactor  
  160  10:15  SCV  
  160  10:18  Marauder x2  
  160  10:19  Marauder  
  168  10:22  Marine  
  168  10:24  Marine  
  168  10:26  Marine  
  168  10:27  SCV  
  168  10:28  SCV  
  173  10:33  Medivac x2  
  173  10:34  Marine  
  178  10:39  Marine  
  178  10:40  Marine, Marauder  
  182  10:43  Marine  
Tags
 
Add a new tag
Caveats
  • Supply blocks, unpowered buildings, or Contaminate may cause inaccurate times.
  • Supply counts are checked every 10 seconds.